 Dungeon Crawl Stone Soup version 0.19.1-1-g22dce08 (webtiles) character file.

275 Jerry the Slasher (level 6, -9/32 HPs)
             Began as a Vine Stalker Gladiator on Jan 3, 2017.
             Mangled by Duvessa
             ... wielding a +2 short sword of electrocution
              (17 damage)
             ... on level 4 of the Dungeon.
             The game lasted 00:06:02 (2350 turns).

Jerry the Slasher (Vine Stalker Gladiator)          Turns: 2350, Time: 00:06:04

Health: -9/32      AC:  9    Str: 17    XL:     6   Next: 25%
Magic:  0/7        EV: 19    Int: 10    God:
Gold:   177        SH:  0    Dex: 17    Spells: 0 memorised, 5 levels left

rFire  . . .     SeeInvis .     a - +0 long sword
rCold  + + .     Gourm    .     e - +2 leather armour {rC+}
rNeg   . . .     Faith    .     (no shield)
rPois  .         Spirit   +     c - +0 helmet
rElec  .         Reflect  .     (no cloak)
rCorr  .         Harm     .     j - +0 pair of gloves
MR     .....                    (no boots)
Stlth  +.........               (no amulet)
                                p - +6 ring of evasion
                                r - ring of protection from cold

@: glowing
A: fangs 2, slimy green scales 1, clever 1, regeneration 1, screaming 1, magic
shield, antimagic bite, no device heal 3, rot immunity
a: no special abilities


You were on level 4 of the Dungeon.
You were hungry.

You visited 1 branch of the dungeon, and saw 4 of its levels.

You collected 177 gold pieces.

Inventory:

Hand Weapons
 a - a +0 long sword (weapon)
Missiles
 d - 3 throwing nets (quivered)
Armour
 c - a +0 helmet (worn)
 e - a +2 leather armour of cold resistance (worn)
 j - a +0 pair of gloves (worn)
 o - a +0 scale mail
Jewellery
 p - a +6 ring of evasion (right hand)
 r - a ring of protection from cold (left hand)
Scrolls
 g - 4 scrolls of identify
 q - a scroll of fear
 s - a scroll of noise {unknown}
Potions
 b - a potion of agility
 h - a potion of might {unknown}
 i - a potion of resistance {unknown}
 l - 2 potions of curing
Comestibles
 f - 3 bread rations
 m - 6 fruits
 n - a meat ration


   Skills:
 + Level 3.2 Fighting
 + Level 3.9 Long Blades
 - Level 1.7 Throwing
 + Level 2.3 Armour
 + Level 3.2 Dodging


You had 5 spell levels left.
You didn't know any spells.

Dungeon Overview and Level Annotations

Branches:
Dungeon (4/15)
 Temple: D:4-7

Altars:
Kikubaaqudgha

Annotations:
D:3 Sigmund
D:4 Duvessa


Innate Abilities, Weirdness & Mutations

You have extremely sharp teeth.
Your natural rate of healing is unusually fast.
When hurt, damage is shared between your health and your magic reserves.
Your bite disrupts and absorbs the magic of your enemies.
Potions and wands cannot restore your health.
You are immune to rotting.
You are partially covered in slimy green scales. (AC +2)
Your mind is acute. (Int +2)
You occasionally shout uncontrollably at your foes.


Message History

Duvessa completely misses you. Duvessa hits you but does no damage.
You are electrocuted!
You barely miss Duvessa. You bite Duvessa, but do no damage.
Duvessa is lightly wounded.
Duvessa completely misses you.
You riposte.
You slash Duvessa! Your bite misses Duvessa.
Duvessa is moderately wounded.
Duvessa misses you.
You barely miss Duvessa.
Duvessa is moderately wounded.
You feel a little less agile now. Duvessa misses you.
Duvessa hits you but does no damage.
You closely miss Duvessa. You bite Duvessa, but do no damage.
Duvessa is lightly wounded.
Duvessa completely misses you.
Duvessa hits you with a short sword of electrocution!
* * * LOW HITPOINT WARNING * * *
You are electrocuted!
Ouch! That really hurt!
You die...

#####........
#####'######.... .# .
.......# #.#.#.#._
.......# ...#.#%
.......# #..#.. ....[..#
..#.#
....)..########.#.#
....)..##.......e.######
.......##.......@.......
.....)............#####.
.......##.........#
.......##........>....
.......##########.####
.......# .# ######## .#
.#


You could see Duvessa (berserk).

Vanquished Creatures
  Dowan (D:4)
  An orc priest (D:4)
  An iguana (D:3)
  2 orc wizards (D:4)
  2 adders (D:2)
  An ooze (D:1)
  3 worms (D:2)
  2 dart slugs
  3 leopard geckos
  4 orcs (D:4)
  3 giant cockroaches
  8 goblins
  14 hobgoblins
  2 quokkas
  A ball python (D:1)
  12 bats
  2 frilled lizards
  7 kobolds
  7 rats
76 creatures vanquished.

Notes
Turn   | Place    | Note
-------+----------+-------------------------------------------
     0 | D:1      | Jerry the Vine Stalker Gladiator began the quest for the Orb.
     0 | D:1      | Reached XP level 1. HP: 11/11 MP: 2/2
   239 | D:1      | Reached XP level 2. HP: 11/15 MP: 1/3
   600 | D:1      | Reached skill level 1 in Armour
   600 | D:1      | Reached XP level 3. HP: 18/18 MP: 4/4
  1139 | D:2      | Gained mutation: Your natural rate of healing is unusually fast. [Vine Stalker growth]
  1139 | D:2      | Reached XP level 4. HP: 19/23 MP: 5/5
  1285 | D:2      | Gained mutation: Your mind is acute. (Int +2) [potion of mutation]
  1285 | D:2      | Gained mutation: You are partially covered in slimy green scales. (AC +2) [potion of mutation]
  1285 | D:2      | Gained mutation: You occasionally shout uncontrollably at your foes. [potion of mutation]
  1893 | D:3      | Reached XP level 5. HP: 11/28 MP: 4/6
  2186 | D:3      | Noticed Sigmund
  2308 | D:4      | Reached XP level 6. HP: 32/32 MP: 5/7
  2314 | D:4      | Noticed Dowan
  2315 | D:4      | Noticed Duvessa
  2332 | D:4      | Killed Dowan
  2340 | D:4      | Found an ancient bone altar of Kikubaaqudgha.
  2350 | D:4      | Mangled by Duvessa

Skill      XL: |  1  2  3  4  5 |
---------------+----------------+-----
Fighting       | 2 3 |  3.2
Armour         | 1 2 |  2.3
Long Blades    | 3 |  3.9
Dodging        | 3 |  3.2
Throwing       | |  1.7

Action                   |  1- 3 |  4- 6 || total
-------------------------+-------+-------++-------
Melee: Long sword        |    80 |   107 ||   187
       Bite              |    26 |    39 ||    65
  Use: Scroll            |       |     4 ||     4
       Potion            |       |     3 ||     3
 Stab: Sleeping          |       |     1 ||     1
  Eat: Chunk             |     1 |     3 ||     4
Armor: Leather armour    |    22 |    16 ||    38
       Scale mail        |    17 |     7 ||    24
Dodge: Dodged            |    67 |   118 ||   185
       Rpst.: Long sword |    21 |    35 ||    56
